 Dungeon Crawl Stone Soup version 0.31.0-9-g3a7656b989 (webtiles) character file.

Game seed: 2710057921641080674

730 qw the Skirmisher (level 7, 0/40 HPs)
             Began as a Deep Elf Hunter on Feb 3, 2024.
             Slain by Blork the orc
             ... wielding a +0 long sword
              (5 damage)
             ... on level 5 of the Dungeon.
             The game lasted 00:00:43 (3564 turns).

qw the Skirmisher (Deep Elf Hunter)                 Turns: 3564, Time: 00:00:44

Health: 0/40       AC:  6    Str: 14    XL:     7   Next: 44%
Magic:  9/9        EV: 14    Int: 14    God:
Gold:   128        SH:  0    Dex: 20    Spells: 6/6 levels left

rFire   . . .        a - +0 shortbow
rCold   + . .        (shield currently unavailable)
rNeg    . . .        g - +3 leather armour {rC+}
rPois   .            (no helmet)
rElec   .            (no cloak)
rCorr   .            (no gloves)
SInv    .            (no boots)
Will    .....        e - amulet of regeneration
Stlth   ++           d - +6 ring of strength
HPRegen 1.06/turn    (no ring)
MPRegen 0.11/turn

%: no passive effects
@: no status effects
A: no striking features
a: no special abilities


You were on level 5 of the Dungeon.
You visited 1 branch of the dungeon, and saw 5 of its levels.

You collected 128 gold pieces.


   Skills:
 - Level 2.6 Fighting
 + Level 10.7 Ranged Weapons
 - Level 4.5 Dodging
 - Level 1.2 Stealth


You had 6 spell levels left.
You didn't know any spells.
Your spell library was empty.

Inventory:

Hand Weapons
 a - a +0 shortbow (weapon)
Armour
 c - a +1 ring mail
 g - a +3 leather armour of cold resistance (worn)
Jewellery
 d - a +6 ring of strength (left hand)
 e - an amulet of regeneration (around neck)
Wands
 i - a wand of flame (21)
Potions
 b - 2 potions of might
 f - a potion of curing
 h - a potion of ambrosia {unknown}
 j - a potion of brilliance {unknown}
 k - a potion of cancellation {unknown}
 l - a potion of magic {unknown}
 m - a potion of invisibility {unknown}
 n - a potion of enlightenment {unknown}

Dungeon Overview and Level Annotations

Branches:
Dungeon (5/15)
 Temple: D:4-7

Altars:

Shops:
D:2 (   D:4 :

Annotations:
D:5 Blork the orc, Pikel


Message History

The black bear barely misses you.
You shoot an arrow.
The arrow closely misses the black bear.
The black bear bites you but does no damage.
The black bear claws you. The black bear barely misses you.
You shoot an arrow. The arrow hits the black bear.
The black bear is almost dead.
The black bear closely misses you. x2; The black bear claws you.
You shoot an arrow.
The arrow closely misses the black bear.
The black bear bites you!
The black bear claws you but does no damage.
The black bear barely misses you. The black bear bites you.
The black bear claws you. The black bear closely misses you.
You shoot an arrow. The arrow barely misses the black bear.
Blork the orc gestures wildly while chanting.
Blork the orc seems to speed up.
The black bear bites you.
The black bear claws you but does no damage.
The black bear closely misses you.
You shoot an arrow. The arrow hits the black bear.
The black bear is almost dead.
The black bear bites you. The black bear barely misses you.
The black bear claws you.
You shoot an arrow. The arrow hits the black bear!
You kill the black bear!
You shoot an arrow.
The arrow hits Blork the orc but does no damage.
You hear a shout!
Blork the orc misses you.
You hear a shout!
You shoot an arrow. The arrow hits Blork the orc!
Blork the orc is moderately wounded.
Blork the orc hits you with a +0 long sword.
Blork the orc misses you.
You shoot an arrow. The arrow closely misses Blork the orc.
Blork the orc barely misses you.
You shoot an arrow. The arrow hits Blork the orc.
Blork the orc is moderately wounded.
Blork the orc hits you with a +0 long sword.
You die...

.........).............
.##########....<.......
#.)............
#.###.........# ##.#
#.......... #..#
#.......... #.##
#....[..... #####.#
#.......... #.o@..#
#.........# #5##### ...
..... ....#.. .......
....... #. ....


You could see Blork the orc (fast) and a lemure.

Vanquished Creatures
  Eustachio (D:4)
  A black bear (D:5)
  2 phantoms
  3 lemures (D:5)
  A hound (D:5)
  A gnoll bouda (D:4)
  Terence (D:3)
  2 iguanas
  An orc wizard (D:4)
  6 gnolls
  3 adders
  2 ufetubi (D:4)
  3 ribbon worms (D:2)
  4 dart slugs
  6 orcs (D:4)
  8 ball pythons
  3 endoplasms
  5 giant cockroaches
  3 goblins
  3 hobgoblins
  3 jackals (D:3)
  8 kobolds
  5 quokkas
  7 bats
  6 frilled lizards
  3 rats
91 creatures vanquished.

Notes
Turn   | Place    | Note
-------+----------+-------------------------------------------
     0 | D:1      | qw the Deep Elf Hunter began the quest for the Orb.
     0 | D:1      | Reached XP level 1. HP: 12/12 MP: 3/3
     0 | D:1      | 0 ||| qw: Version: 0.3-a-155-g5e7d8dd
     0 | D:1      | 0 ||| qw: Game counter: 2997
     0 | D:1      | 0 ||| qw: Melee chars always use a shield: true
     0 | D:1      | 0 ||| qw: God list: Okawaru
     0 | D:1      | 0 ||| qw: Allow faded altars: false
     0 | D:1      | 0 ||| qw: Do Orc after clearing Dungeon:15 true
     0 | D:1      | 0 ||| qw: Do second Lair branch before Depths: true
     0 | D:1      | 0 ||| qw: Lair rune preference: random
     0 | D:1      | 0 ||| qw: Goals: Normal
     0 | D:1      | 0 ||| PLANNING D:1-11
   137 | D:1      | Reached skill level 6 in Ranged Weapons
   137 | D:1      | Reached XP level 2. HP: 16/16 MP: 4/4
   197 | D:1      | You fall into a shaft and drop 1 floor!
   237 | D:2      | 237 ||| UPGRADING to amulet of regeneration.
   242 | D:2      | 242 ||| UPGRADING to +6 ring of strength.
   243 | D:2      | 243 ||| DROPPING scroll of butterflies.
   956 | D:1      | 956 ||| READING scroll labelled HEUPRE PUMNUY.
   957 | D:1      | 957 ||| READING scroll labelled LAXESCH EHAWK.
   958 | D:1      | 958 ||| READING 3 scrolls labelled UPRYSAECHO.
   965 | D:1      | 965 ||| READING 3 scrolls labelled KAIHAIT ALUYCK.
  1066 | D:1      | 1066 ||| DROPPING 2 scrolls of torment.
  1067 | D:1      | 1067 ||| DROPPING 2 scrolls of silence.
  1115 | D:2      | Found Ugeluj's Weapon Emporium.
  1130 | D:2      | Reached XP level 3. HP: 20/20 MP: 5/5
  1220 | D:2      | Reached skill level 7 in Ranged Weapons
  1513 | D:2      | Reached XP level 4. HP: 25/25 MP: 6/6
  1973 | D:2      | 1973 ||| UPGRADING to +0 scale mail.
  1983 | D:2      | 1983 ||| DROPPING +0 leather armour.
  1984 | D:2      | 1984 ||| READING scroll labelled EHOEFUBROSERGH.
  2085 | D:2      | 2085 ||| READING scroll labelled XID OTASELAEMN.
  2085 | D:2      | 2085 ||| ENCHANTING +0 shortbow.
  2086 | D:2      | 2086 ||| READING scroll labelled KENUILL HEARO.
  2086 | D:2      | 2086 ||| IDENTIFYING ruby potion
  2087 | D:2      | 2087 ||| READING scroll labelled OGAKLI DYXKOA.
  2090 | D:2      | 2090 ||| READING scroll labelled JIUJ CUULI.
  2091 | D:2      | 2091 ||| DRINKING 2 bubbling yellow potions.
  2092 | D:2      | 2092 ||| DRINKING 3 gluggy clear potions.
  2144 | D:3      | 2144 ||| STAIRDANCE
  2202 | D:3      | Noticed Terence
  2205 | D:3      | Killed Terence
  2206 | D:3      | Reached skill level 8 in Ranged Weapons
  2376 | D:3      | Reached XP level 5. HP: 26/29 MP: 7/7
  2584 | D:3      | 2584 ||| UPGRADING to +0 ring mail.
  2594 | D:3      | 2594 ||| DROPPING +0 scale mail.
  2595 | D:3      | 2595 ||| DRINKING 2 metallic coppery potions.
  2623 | D:4      | 2623 ||| READING scroll of enchant armour.
  2623 | D:4      | 2623 ||| ENCHANTING +0 ring mail.
  2903 | D:4      | Noticed Eustachio
  2904 | D:4      | 2904 ||| DRINKING 2 potions of haste.
  2948 | D:4      | 2948 ||| DRINKING potion of haste.
  2950 | D:4      | Killed Eustachio
  2951 | D:4      | Reached skill level 10 in Ranged Weapons
  2951 | D:4      | Reached XP level 6. HP: 27/34 MP: 8/8
  3011 | D:4      | HP: 4/34 [gnoll/+0 spear[a gnoll bouda] (5)]
  3012 | D:4      | 3012 ||| DRINKING potion of heal wounds.
  3015 | D:4      | Reached skill level 3 in Dodging
  3019 | D:4      | 3019 ||| FLEEEEING.
  3113 | D:4      | Found Celas's Book Boutique.
  3180 | D:4      | Reached XP level 7. HP: 40/40 MP: 9/9
  3358 | D:4      | 3358 ||| UPGRADING to +3 leather armour of cold resistance.
  3368 | D:4      | 3368 ||| READING scroll labelled RAS FYEGOBRU.
  3369 | D:4      | 3369 ||| READING scroll labelled BIUDGH GUNEPLU.
  3371 | D:4      | 3371 ||| Stepping ~*~*~tactically~*~*~ (cloud).
  3437 | D:5      | Entered Level 5 of the Dungeon
  3462 | D:5      | Noticed Pikel
  3463 | D:5      | 3463 ||| RETREEEEATING.
  3469 | D:5      | 3469 ||| RETREEEEATING.
  3470 | D:5      | 3470 ||| RETREEEEATING.
  3471 | D:5      | 3471 ||| RETREEEEATING.
  3472 | D:5      | 3472 ||| RETREEEEATING.
  3475 | D:5      | 3475 ||| RETREEEEATING.
  3476 | D:5      | 3476 ||| RETREEEEATING.
  3477 | D:5      | 3477 ||| RETREEEEATING.
  3478 | D:5      | 3478 ||| RETREEEEATING.
  3479 | D:5      | 3479 ||| RETREEEEATING.
  3480 | D:5      | 3480 ||| RETREEEEATING.
  3485 | D:5      | 3485 ||| RETREEEEATING.
  3546 | D:5      | 3546 ||| RETREEEEATING.
  3548 | D:5      | 3548 ||| RETREEEEATING.
  3549 | D:5      | Noticed Blork the orc
  3553 | D:5      | 3553 ||| RETREEEEATING.
  3559 | D:5      | HP: 6/40 [black bear (6)]
  3564 | D:5      | Slain by Blork the orc

Levels and vault maps discovered:
D:1:      ncdulo_halloftheorcs, layout_basic
D:2:      layout_loops_corners, serial_shops, nicolae_square_shop, minivault_5,
          st_stairs_1
D:3:      layout_rooms, uniq_terence
D:4:      layout_loops_ring, serial_shops, nicolae_shop_window_shopping,
          nicolae_twisty_statue_hallways, uniq_eustachio
D:5:      layout_rooms, uniq_prince_ribbit1, uniq_pikel, uniq_blork_the_orc

Skill      XL: |  1  2  3  4  5  6  7 |
---------------+----------------------+-----
Ranged Weapons | 6 7 8 10 | 10.7
Dodging        | 3 4 |  4.5
Fighting       | 2 |  2.6
Stealth        | |  1.2

Action                     |  1- 3 |  4- 6 |  7- 9 || total
---------------------------+-------+-------+-------++-------
   Fire: Shortbow          |    90 |   192 |    87 ||   369
    Use: Scroll            |     4 |     6 |     2 ||    12
         Potion            |       |     6 |       ||     6
 Armour: Leather armour    |    16 |     1 |    45 ||    62
         Scale mail        |       |    27 |       ||    27
         Ring mail         |       |    77 |     4 ||    81
  Dodge: Dodged            |    15 |    96 |    39 ||   150

Table legend:
 A = Non-vault XP
 B = Vault XP
 C = Vault XP percentage of total XP
 D = Non-vault monster count
 E = Vault monster count
 F = Vault count percentage of total count
                 A         B        C        D         E       F
            +---------+---------+-------+---------+---------+-------
      Total |     802 |     241 |  23.1 |      84 |       4 |   4.5
            +---------+---------+-------+---------+---------+-------
        D:1 |      31 |       0 |   0.0 |      17 |       0 |   0.0
        D:2 |      91 |       3 |   3.2 |      24 |       2 |   7.7
        D:3 |      43 |      36 |  45.6 |      16 |       1 |   5.9
        D:4 |     334 |     202 |  37.7 |      22 |       1 |   4.3
        D:5 |     303 |       0 |   0.0 |       5 |       0 |   0.0
            +---------+---------+-------+---------+---------+-------
